 Dungeon Crawl Stone Soup version 0.30-a0-808-g6e0788376e (webtiles) character file.

Game seed: 2651159532682846253

108627 cforsyth the Unseen (level 17, -7/108 HPs)
             Began as a Kobold Brigand on Feb 25, 2023.
             Was the Champion of Hepliaklqana.
             Mangled by a radroach (38 damage)
             ... on level 3 of the Spider Nest.
             The game lasted 00:52:08 (34237 turns).

cforsyth the Unseen (Kobold Brigand)               Turns: 34237, Time: 00:52:09

Health: -7/108     AC: 13    Str:  8 (9)  XL:     17   Next: 5%
Magic:  17/17      EV: 25    Int: 13      God:    Hepliaklqana [******]
Gold:   1172       SH: 15    Dex: 22 (23) Spells: 16/16 levels left

rFire   + + .      SeeInvis +    t - +3 dagger (venom)
rCold   + + .      Faith    .    M - +2 shield of Resistance {rF++ rC++ Will++}
rNeg    . . .      Spirit   .    C - +0 troll leather armour
rPois   +          Reflect  .    x - +2 helmet
rElec   .          Harm     .    S - +1 cloak {Stlth+}
rCorr   .          Rampage  .    s - +1 pair of gloves
Will    +++..                    q - +1 pair of boots {Fly}
Stlth   ++++                     (no amulet)
HPRegen 1.18/turn                f - ring of poison resistance
MPRegen 0.15/turn                F - ring of see invisible

@: flying, contaminated, glowing, studying Stealth
A: reduced essence, small, no large weapons, nightstalker 3
a: Renounce Religion, Recall Ancestor, Ancestor Identity, Transference, Idealise


You were on level 3 of the Spider Nest.
You worshipped Hepliaklqana.
Hepliaklqana was exalted by your worship.
You visited 5 branches of the dungeon, and saw 26 of its levels.
You also visited: Ossuary, Bailey, Ice Cave and Volcano.

You collected 2539 gold pieces.
You spent 1367 gold pieces at shops.

Inventory:

Hand Weapons
 c - a +1 rapier of flaming
 t - a +3 dagger of venom (weapon)
 E - a +0 rapier of electrocution
 Z - a +3 scimitar of freezing
Missiles
 d - 39 poisoned darts (quivered)
 e - 9 curare-tipped darts
 Y - 6 atropa-tipped darts
Armour
 o - a +2 leather armour of fire resistance
 q - a +1 pair of boots of flying (worn)
 s - a +1 pair of gloves (worn)
 x - a +2 helmet (worn)
 C - a +0 troll leather armour (worn)
 M - the +2 shield of Resistance (worn) {rF++ rC++ Will++}
   (You acquired it on level 2 of the Orcish Mines)

   rF:        It greatly protects you from fire.
   rC:        It greatly protects you from cold.
   Will:      It greatly increases your willpower.
 R - a +1 cloak of willpower
 S - a +1 cloak of stealth (worn)
Jewellery
 f - a ring of poison resistance (left hand)
 F - a ring of see invisible (right hand)
 I - a ring of protection from fire
 N - a ring of resist corrosion
Wands
 y - a wand of mindburst (17)
 z - a wand of paralysis (3)
 B - a wand of digging (7)
 H - a wand of acid (6)
 J - a wand of iceblast (17)
 L - a wand of polymorph (7)
 O - a wand of flame (15)
Scrolls
 b - 2 scrolls of magic mapping
 k - 2 scrolls of enchant armour
 l - a scroll of butterflies
 m - 8 scrolls of enchant weapon
 v - 6 scrolls of teleportation
 D - 7 scrolls of amnesia
 G - 8 scrolls of fog
 K - 3 scrolls of blinking
 P - 3 scrolls of fear
 X - 2 scrolls of brand weapon {unknown}
Potions
 a - 3 potions of ambrosia
 g - 3 potions of heal wounds
 h - 4 potions of lignification
 i - 12 potions of curing
 j - 3 potions of berserk rage
 n - 2 potions of invisibility
 p - 6 potions of might
 r - 5 potions of mutation
 u - a potion of resistance
 w - 5 potions of flight
 A - 6 potions of brilliance
 Q - 4 potions of haste
 T - 2 potions of cancellation
 V - a potion of attraction
 W - a potion of experience


   Skills:
 + Level 18.3 Fighting
 - Level 16.6(17.0) Short Blades
 + Level 4.0(8.1) Long Blades
 - Level 2.1 Throwing
 + Level 16.2 Dodging
 + Level 20.8 Stealth
 + Level 9.2 Shields


You had 16 spell levels left.
You didn't know any spells.
Your spell library contained the following spells:

 Spells                   Type           Power      Damage    Failure   Level
 Apportation              Tloc           0%         N/A       83%         1
 Foxfire                  Conj/Fire      0%         2x1d4     83%         1
 Freeze                   Ice            0%         1d3       83%         1
 Magic Dart               Conj           0%         1d3       83%         1
 Necrotise                Necr           0%         1d4       83%         1
 Sting                    Tmut/Pois      0%         1d3       83%         1
 Summon Small Mammal      Summ           0%         N/A       83%         1
 Call Imp                 Summ           0%         N/A       92%         2
 Cigotuvi's Dreadful Rot  Necr/Pois/Air  0%         N/A       92%         2
 Poisonous Vapours        Pois/Air       0%         N/A       92%         2
 Static Discharge         Conj/Air       0%         2-2/arc   92%         2
 Call Canine Familiar     Summ           0%         N/A       99%         3
 Frozen Ramparts          Ice            0%         1d1       99%         3
 Hailstorm                Conj/Ice       0%         3d3       99%         3
 Ignite Poison            Fire/Tmut/Pois 0%         N/A       99%         3
 Kindle Blastsparks       Fire/Tloc/Air  0%         2d10      99%         3
 Mephitic Cloud           Conj/Pois/Air  0%         N/A       99%         3
 Portal Projectile        Hex/Tloc       0%         N/A       99%         3
 Vhi's Electric Charge    Tloc/Air       0%         N/A       99%         3
 Leda's Liquefaction      Hex/Erth       0%         N/A       100%        4
 Manifold Assault         Tloc           0%         N/A       100%        4
 Olgreb's Toxic Radiance  Pois           0%         N/A       100%        4
 Sticky Flame             Conj/Fire      0%         2d3       100%        4
 Arcjolt                  Conj/Air       0%         1d10      100%        5
 Fireball                 Conj/Fire      0%         3d3       100%        5
 Freezing Cloud           Conj/Ice/Air   0%         6-21      100%        5
 Lightning Bolt           Conj/Air       0%         1d11      100%        5
 Summon Forest            Summ/Tloc      0%         N/A       100%        5
 Conjure Ball Lightning   Conj/Air       0%         3x3d6     100%        6
 Dispersal                Tloc           0%         N/A       100%        6
 Eringya's Noxious Bog    Tmut/Pois      0%         N/A       100%        6
 Starburst                Conj/Fire      0%         6d3       100%        6
 Summon Hydra             Summ           0%         N/A       100%        7
 Discord                  Hex            0%         N/A       100%        8
 Disjunction              Tloc           0%         N/A       100%        8
 Ignition                 Fire           0%         3d3       100%        8


Dungeon Overview and Level Annotations

Branches:
Dungeon (15/15)            Temple (1/1) D:5            Lair (5/5) D:9
  Swamp (0/4) Lair:2       Spider (3/4) Lair:3        Slime (0/5) Lair:5
    Orc (2/2) D:11            Elf (0/3) Orc:2        Vaults (0/5) D:13
 Depths (0/4) D:15        Ossuary (visited)          Bailey (visited)
  IceCv (visited)         Volcano (visited)

Altars:
Ashenzari
Cheibriados
Dithmenos
Elyvilon
Fedhas
Gozag
Hepliaklqana
Kikubaaqudgha
Makhleb
Nemelex Xobeh
Okawaru
Qazlal
Ru
Sif Muna
Trog
Uskayaw
Vehumet
Wu Jian
Xom
Yredelemnul
Zin
The Shining One

Shops:
D:2 *   D:4 :   D:10 *   Orc:2 :((!

Annotations:
D:12 3 runed translucent doors, GiantSquids's ghost, journeyman MiBe
D:14 Roxanne
Spider:2 Arachne
Orc:1 1 transporter


Innate Abilities, Weirdness & Mutations

Your life essence is reduced to manifest your ancestor. (-10% HP)
You are small and have problems with some larger weapons.
You are completely attuned to the shadows.


Message History

You hit the radroach but do no damage.
The radroach looks as sick as possible!
The radroach is lightly wounded.
Wilfreda hits the radroach but does no damage.
Wilfreda drains the radroach.
The radroach barely misses you. You block the radroach's attack.
Wilfreda completely misses the radroach.
You hit the radroach but do no damage.
The radroach looks as sick as possible!
The radroach is lightly wounded.
Wilfreda hits the radroach but does no damage.
You block the radroach's attack. The radroach claws you.
You hit the radroach but do no damage.
The radroach looks as sick as possible!
The radroach is lightly wounded.
Wilfreda hits the radroach with a +0 dagger of draining!
You hit the radroach.
The radroach looks as sick as possible!
The radroach is moderately wounded.
Wilfreda casts a spell at the radroach.
The radroach easily resists.
You block the radroach's attack.
The radroach claws you but does no damage.
You hit the radroach but do no damage.
The radroach looks as sick as possible!
The radroach is moderately wounded.
Wilfreda hits the radroach but does no damage.
The radroach erupts in a fountain of uncontrolled magic!
Wilfreda avoids your attack.
You are blasted with magical radiation!!!
* * * LOW HITPOINT WARNING * * *
You are contaminated with residual magic.
You feel much better.
Wilfreda casts a spell at the radroach.
The radroach easily resists.
You block the radroach's attack. x2
You barely miss the radroach.
The radroach is moderately wounded.
Wilfreda hits the radroach with a +0 dagger of draining!
You hit the radroach.
The radroach looks as sick as possible!
The radroach is heavily wounded.
Wilfreda hits the radroach with a +0 dagger of draining!
Wilfreda drains the radroach.
The radroach erupts in a fountain of uncontrolled magic!
Wilfreda avoids your attack.
You are blasted with magical radiation!!!
You die...

##......
#.##.......
#.#........
.#$...†....
...†@†<....
...BR.#####
#.....#
#.....#
##...^#
#...^#


You could see the friendly Wilfreda the hexer and a radroach (extremely
poisoned, drained, ally target).

Vanquished Creatures
  Gastronok (Lair:1)
  An emperor scorpion (Spider:1)
  2 ghost moths
  An orc warlord (Orc:2)
  2 stone giants
  A dire elephant (Lair:5)
  An entropy weaver (Spider:1)
  Fannar (Lair:3)
  Erica (D:8)
  5 hydras
  An ogre mage (Orc:2)
  2 catoblepae
  3 centaur warriors
  A death knight (D:14)
  Erolcha (Orc:2)
  2 boulder beetles
  A dancing weapon (D:13)
  6 two-headed ogres
  4 death yaks (Lair:5)
  2 tengu warriors (D:15)
  A deep troll shaman (Lair:5)
  An orc high priest (Orc:2)
  2 skysharks
  Sonja (D:13)
  3 pharaoh ants
  2 orb spiders (Spider:1)
  2 orc knights
  A wizard (D:14)
  A necromancer (Lair:3)
  A wolf spider (Spider:3)
  Pikel (D:8)
  8 ugly things
  6 orc sorcerers (Orc:2)
  8 cyclopes
  A manticore (D:12)
  2 black mambas
  17 elephants
  14 cane toads
  3 ice statues (IceCv)
  7 demonic crawlers (Spider:1)
  A gargoyle (Volcano)
  8 komodo dragons
  2 freezing wraiths
  2 tengu conjurers (D:15)
  An efreet (Volcano)
  3 rime drakes
  2 meliai (Spider:2)
  2 polar bears (Lair:5)
  6 trolls
  A tyrant leech (Lair:2)
  8 tarantellas
  18 blink frogs
  6 slime creatures
  6 jumping spiders
  A dire elephant simulacrum (IceCv)
  5 culicivoras
  4 wraiths
  4 wyverns
  A shadow (D:13)
  A vampire (D:11)
  52 yaks
  A fire elemental (Volcano)
  A human (D:11)
  Eustachio (D:6)
  4 redbacks
  A steam dragon (Lair:1)
  3 basilisks
  10 vampire mosquitoes
  2 death yak simulacra (IceCv)
  2 swamp worms (Lair:2)
  4 wargs
  A harpy simulacrum (D:14)
  An acid dragon (D:11)
  12 water moccasins
  16 orc warriors
  A black bear (Lair:1)
  An ice beast (D:7)
  12 ogres
  7 wolves
  9 centaurs
  2 elf zombies
  A lemure (D:8)
  2 kobold brigands (D:8)
  A phantom (D:7)
  10 bullfrogs
  A cane toad simulacrum (IceCv)
  2 elf skeletons (D:5)
  An earth elemental (Volcano)
  A scorpion (D:5)
  15 wights
  4 killer bees
  8 electric eels
  2 howler monkeys (D:13)
  A hexer (Lair:1)
  3 centaur zombies (Ossuary)
  A hound (D:5)
  13 orc priests
  2 jellies (D:7)
  3 gnoll boudas
  A human skeleton (D:5)
  4 iguanas
  21 orc wizards
  3 polar bear simulacra (Lair:3)
  3 yak simulacra (Lair:3)
  A wolf simulacrum (Lair:3)
  2 mummies (Ossuary)
  18 gnolls
  5 adders
  2 white imps
  An adder zombie (Ossuary)
  A dart slug (D:1)
  48 orcs
  4 ball pythons
  2 endoplasms
  3 giant cockroaches (D:1)
  7 goblins
  10 hobgoblins
  3 jackals (D:4)
  22 kobolds
  5 quokkas
  6 bats
  6 frilled lizards
  A goblin zombie (Ossuary)
  13 hobgoblin zombies (Ossuary)
  A jackal zombie (Ossuary)
  10 kobold zombies (Ossuary)
  An orc skeleton (D:5)
  6 orc zombies
  8 rats
  A rat zombie (Ossuary)
  4 river rat simulacra (Lair:3)
640 creatures vanquished.

Vanquished Creatures (collateral kills)
  2 hydras
  An ogre mage (Orc:2)
  A centaur warrior (D:15)
  A catoblepas (Lair:5)
  A dancing weapon (D:13)
  Nergalle (Orc:2)
  An orc knight (Orc:1)
  A wolf spider (Spider:1)
  An ugly thing (IceCv)
  2 orc sorcerers (Orc:2)
  A cyclops (D:11)
  9 elephants
  2 cane toads
  A rime drake (Lair:1)
  2 komodo dragons
  A meliai (Spider:2)
  A troll (D:14)
  4 blink frogs
  A jumping spider (Spider:3)
  A dire elephant simulacrum (IceCv)
  A slime creature (D:13)
  A culicivora (Spider:2)
  13 yaks
  A redback (Lair:3)
  A vampire mosquito (D:10)
  A warg (Orc:2)
  3 water moccasins
  9 orc warriors
  A hydra simulacrum (IceCv)
  A black bear (Lair:2)
  An ogre (Orc:2)
  A wolf (Lair:3)
  2 centaurs (D:13)
  A kobold brigand (D:9)
  A wight (D:7)
  An elephant simulacrum (IceCv)
  3 killer bees
  A howler monkey (D:13)
  An electric eel (D:10)
  2 orc priests
  10 orc wizards
  A wolf simulacrum (IceCv)
  3 gnolls
  17 orcs
  A goblin (D:9)
  5 kobolds
  2 butterflies (Lair:2)
120 creatures vanquished.

Vanquished Creatures (others)
  An orc priest (Orc:2)
  2 ancestors
  21 hexers
  An orc (Orc:2)
  2 bushes (Lair:5)
  58 fungi
  103 plants
188 creatures vanquished.

Grand Total: 948 creatures vanquished

Notes
Turn   | Place    | Note
-------+----------+-------------------------------------------
     0 | D:1      | cforsyth the Kobold Brigand began the quest for the Orb.
     0 | D:1      | Reached XP level 1. HP: 12/12 MP: 1/1
    83 | D:1      | Reached XP level 2. HP: 18/18 MP: 2/2
   193 | D:1      | Reached XP level 3. HP: 22/22 MP: 3/3
   488 | D:1      | Reached XP level 4. HP: 20/27 MP: 4/4
   923 | D:2      | Found Wofiffor's General Store.
  1013 | D:2      | Reached skill level 6 in Stealth
  1385 | D:2      | Reached XP level 5. HP: 32/32 MP: 5/5
  2803 | D:4      | Reached XP level 6. HP: 38/38 MP: 6/6
  2992 | D:4      | Found Vude's Book Emporium.
  3343 | D:5      | Entered Level 5 of the Dungeon
  3366 | D:5      | Reached skill level 7 in Stealth
  3369 | D:5      | Reached skill level 5 in Short Blades
  3428 | D:5      | Found a glowing silver altar of Zin.
  3468 | D:5      | Reached XP level 7. HP: 43/43 MP: 7/7
  3489 | D:5      | Found a sand-covered staircase.
  3516 | Ossuary  | Entered an ossuary
  3767 | Ossuary  | Reached skill level 5 in Fighting
  3792 | Ossuary  | Reached XP level 8. HP: 15/49 MP: 8/8
  4043 | D:5      | Reached skill level 5 in Dodging
  4043 | D:5      | Reached skill level 8 in Stealth
  4342 | D:5      | Found a staircase to the Ecumenical Temple.
  4352 | Temple   | Entered the Ecumenical Temple
  4462 | Temple   | Became a worshipper of Hepliaklqana the Forgotten
  5105 | D:5      | Reached skill level 9 in Stealth
  5776 | D:5      | Found a hide-covered altar of Uskayaw.
  5777 | D:5      | Found an opulent altar of Gozag.
  5777 | D:5      | Found a shadowy altar of Dithmenos.
  5779 | D:5      | Found a stormy altar of Qazlal.
  5781 | D:5      | Found a shimmering blue altar of Sif Muna.
  5782 | D:5      | Found a burning altar of Makhleb.
  5788 | D:5      | Found a glowing golden altar of the Shining One.
  5827 | D:5      | Reached XP level 9. HP: 55/55 MP: 9/9
  6301 | D:6      | Reached * piety under Hepliaklqana
  6412 | D:6      | Noticed Eustachio
  6416 | D:6      | Killed Eustachio
  6553 | D:6      | Noticed a two-headed ogre
  6557 | D:6      | Killed a two-headed ogre
  6558 | D:6      | Reached skill level 10 in Stealth
  7063 | D:7      | Reached XP level 10. HP: 56/56 MP: 10/10
  7391 | D:6      | Reached skill level 11 in Stealth
  7649 | D:7      | Reached ** piety under Hepliaklqana
  8637 | D:8      | Noticed Erica
  8641 | D:8      | Killed Erica
  8642 | D:8      | Reached skill level 10 in Short Blades
  8662 | D:8      | Reached skill level 12 in Stealth
  9263 | D:8      | Noticed a two-headed ogre
  9267 | D:8      | Killed a two-headed ogre
  9268 | D:8      | Reached XP level 11. HP: 60/62 MP: 11/11
  9456 | D:8      | Noticed Pikel
  9481 | D:8      | Killed Pikel
  9938 | D:9      | Identified a scroll of acquirement
  9938 | D:9      | Acquired a manual of Fighting
  9993 | D:9      | Found a flagged portal.
 10003 | Bailey   | Entered a bailey
 10112 | Bailey   | Noticed an orc knight
 10130 | Bailey   | Killed an orc knight
 10388 | Bailey   | Remembered your ancestor Wilfreda as a hexer
 10469 | Bailey   | Reached skill level 10 in Dodging
 10578 | Bailey   | Reached skill level 13 in Stealth
 10856 | D:9      | Reached *** piety under Hepliaklqana
 10885 | D:9      | Noticed a two-headed ogre
 10886 | D:9      | Found a staircase to the Lair.
 10904 | D:8      | Reached skill level 10 in Fighting
 11254 | D:9      | HP: 1/64 [two-headed ogre/+0 giant club (15)]
 11257 | D:9      | Killed a two-headed ogre
 11724 | D:10     | Entered Level 10 of the Dungeon
 11877 | D:10     | Identified the +1 buckler "Uwiamp" {Int+3}
 11897 | D:10     | Noticed a two-headed ogre
 11900 | D:10     | Killed a two-headed ogre
 11916 | D:10     | Found Emiklymi's General Store.
 11922 | D:10     | Reached skill level 1 in Shields
 11996 | D:10     | HP: 1/65 [electric eel/bolt of electricity (5)]
 13018 | D:10     | Found a basalt altar of Yredelemnul.
 13072 | D:11     | Noticed a cyclops
 13085 | D:11     | Killed a cyclops
 13210 | D:11     | Noticed a cyclops
 13219 | D:11     | Killed a cyclops
 13303 | D:11     | Reached XP level 12. HP: 72/72 MP: 12/12
 13307 | D:11     | Reached **** piety under Hepliaklqana
 13388 | D:11     | Found a staircase to the Orcish Mines.
 13874 | D:11     | Reached skill level 14 in Stealth
 15225 | D:12     | Found a runed translucent gate.
 15226 | D:12     | Found a runed translucent gate.
 15227 | D:12     | Found a runed translucent gate.
 15335 | D:12     | Noticed a two-headed ogre
 15366 | D:12     | Killed a two-headed ogre
 15679 | D:12     | Found an iron altar of Okawaru.
 15916 | D:12     | Noticed GiantSquids's ghost (journeyman MiBe)
 15981 | D:10     | Bought a +1 cloak of willpower for 247 gold pieces
 16061 | Lair:1   | Entered Level 1 of the Lair of Beasts
 16223 | Lair:1   | Noticed Gastronok
 16237 | Lair:1   | Killed Gastronok
 16298 | Lair:1   | Reached XP level 13. HP: 69/78 MP: 13/13
 16325 | Lair:1   | Reached skill level 15 in Stealth
 16368 | Lair:1   | Found a frozen archway.
 16413 | IceCv    | Entered an ice cave
 18728 | Lair:1   | Reached ***** piety under Hepliaklqana
 18927 | Lair:1   | Reached skill level 5 in Shields
 19100 | Lair:1   | Noticed an eight-headed hydra
 19104 | Lair:1   | Killed an eight-headed hydra
 19400 | Lair:2   | Found a dark tunnel.
 19410 | Volcano  | Entered a volcano
 19661 | Volcano  | Noticed a stone giant
 19665 | Volcano  | Killed a stone giant
 19784 | Lair:2   | Reached skill level 16 in Stealth
 20672 | Lair:2   | Reached XP level 14. HP: 86/86 MP: 14/14
 20867 | Lair:2   | Found a staircase to the Swamp.
 21043 | Lair:3   | Noticed Fannar
 21046 | Lair:3   | Killed Fannar
 21142 | Lair:3   | Reached skill level 15 in Fighting
 22573 | Lair:3   | Reached skill level 15 in Short Blades
 23318 | Lair:3   | Found a hole to the Spider Nest.
 23375 | Lair:3   | Reached skill level 17 in Stealth
 25126 | Lair:4   | Reached XP level 15. HP: 86/94 MP: 15/15
 25294 | Lair:5   | Entered Level 5 of the Lair of Beasts
 25661 | Lair:5   | Found a staircase to the Slime Pits.
 27078 | Lair:5   | Reached skill level 18 in Stealth
 27516 | Orc:1    | Entered Level 1 of the Orcish Mines
 27807 | Orc:1    | Found a transporter.
 28141 | Orc:2    | Entered Level 2 of the Orcish Mines
 28192 | Orc:2    | Found a staircase to the Elven Halls.
 28566 | Orc:2    | Noticed an orc warlord
 28573 | Orc:2    | Reached skill level 15 in Dodging
 28576 | Orc:2    | Reached ****** piety under Hepliaklqana
 28576 | Orc:2    | Paralysed by an orc sorcerer for 3 turns
 28820 | Orc:2    | Acquired the +2 shield of Resistance {rF++ rC++ Will++}
 28820 | Orc:2    | Found the +2 shield of Resistance {rF++ rC++ Will++}
 29011 | Orc:2    | Found Qoxoy's Distillery.
 29039 | Orc:2    | Found a radiant altar of Vehumet.
 29045 | Orc:2    | Noticed Erolcha
 29049 | Orc:2    | Killed Erolcha
 29113 | Orc:2    | Found Xameleng's Book Emporium.
 29118 | Orc:2    | Bought a manual of Stealth for 1120 gold pieces
 29132 | Orc:2    | Noticed Nergalle
 29138 | Orc:2    | Found Joniru's Antique Weapon Emporium.
 29153 | Orc:2    | Found an ancient bone altar of Kikubaaqudgha.
 29175 | Orc:2    | Killed Nergalle
 29335 | Orc:2    | Killed an orc warlord
 29395 | Orc:2    | Found Jiarogh's Antique Weapon Emporium.
 30041 | D:13     | Reached XP level 16. HP: 97/101 MP: 16/16
 30059 | D:13     | Found a gate to the Vaults.
 30241 | D:13     | Reached skill level 1 in Long Blades
 30295 | D:13     | Noticed Sonja
 30299 | D:13     | Killed Sonja
 30335 | D:13     | Reached skill level 19 in Stealth
 31389 | D:14     | Noticed Roxanne
 31519 | D:14     | Found a hide-covered altar of Uskayaw.
 31683 | D:15     | Entered Level 15 of the Dungeon
 32119 | D:15     | Found a staircase to the Depths.
 32199 | D:15     | Reached skill level 20 in Stealth
 32509 | Spider:1 | Entered Level 1 of the Spider Nest
 32974 | Spider:1 | Noticed an emperor scorpion
 32978 | Spider:1 | Killed an emperor scorpion
 33854 | Spider:2 | Noticed Arachne
 34075 | Spider:2 | Reached XP level 17. HP: 47/108 MP: 0/17
 34234 | Spider:3 | HP: 1/108 [radroach (39)]
 34237 | Spider:3 | Mangled by a radroach

Illustrated notes

Levels and vault maps discovered:
D:1:      minmay_arrival_radiant_lines, layout_loops_ring, minmay_tall_x
D:2:      layout_loops_cross, serial_shops, nicolae_shop_hallway_stairs,
          dk_vineyard_3
D:3:      layout_loops_ring, hangedman_decor_points
D:4:      layout_gridville, serial_shops,
          nicolae_shop_temple_entry_statues_fountains
D:5:      layout_layer_cave, grunt_temple_overflow_open,
          minmay_temple_entry_butterflies, nicolae_ossuary_entry_catacombs,
          guppyfry_early_orc_mine
D:6:      layout_basic, uniq_eustachio
D:7:      layout_loops_ring
D:8:      layout_basic, wad_woods_river_04, serial_bayou_pond_d, uniq_pikel,
          uniq_erica
D:9:      layout_rooms, lair_entry_dummy, enter_bailey_4
D:10:     layout_gridville, kennysheep_mini_moat, serial_shops, shop,
          serial_park_tiny_2, serial_bayou_lake_a
D:11:     layout_stronghold, erik_orc_4, minmay_statues_item
D:12:     layout_loops_ring, gammafunk_ghost_icy,
          hellmonk_okawaru_the_only_friend_you_need
D:13:     layout_cave_pools, erik_vaults_1, serial_column_ruins,
          column_ruins_square_small, column_ruins_hut,
          column_ruins_corridor_straight, column_ruins_open_large,
          column_ruins_grid_4, column_ruins_columns_corner, column_ruins_grid_3,
          uniq_sonja
D:14:     layout_rooms, nicolae_uskayaw_en_pointe, uniq_roxanne
D:15:     grunt_enter_depths_snipers, layout_cave_pools
Temple:   nicolae_temple_bog_church
Lair:1:   cheibrodos_lair_river_kwai, layout_long_grid, portal_ice_cave_rime,
          minmay_stone_trees_small, lemuel_fruit_fields, uniq_gastronok
Lair:2:   layout_concentric_octagons, minmay_swamp_entry_worms,
          nicolae_volcano_entry_hallway, infiniplex_staircase_pool_2,
          lemuel_fruit_tree, serial_bayou_shore_b, serial_bayou_shore_a,
          grunt_megastairs_1, lemuel_fruit_fields
Lair:3:   layout_loops_ring, spider_nest_entry_funnel_web, serial_bayou,
          serial_bayou_pond_b, serial_bayou_pond_e, serial_bayou_shore_b,
          serial_bayou_lagoon_b, eino_house_with_fridge, uniq_fannar
Lair:4:   layout_small_grid, serial_bayou_shore_b
Lair:5:   grunt_lair_end_beastmaster, layout_regular_city, slime_entry_1,
          lemuel_fruit_fields
Spider:1: layout_spider_delve, worms_lemuel
Spider:2: layout_spider_delve, special_room [special_room_bee], uniq_arachne
Spider:3: layout_cave_pods, gammafunk_ghost_necromancy
Orc:1:    emtedronai_trogs_sanctum, layout_diamond_mine
Orc:2:    kennysheep_orc_mage_school, layout_diamond_mine

Skill      XL: |  1  2  3  4  5  6  7  8  9 10 11 12 13 14 15 16 17 |
---------------+----------------------------------------------------+-----
Short Blades   | 3 4 5 7 8 10 12 13 14 15 16 | 16.6
Dodging        | 2 3 4 6 7 9 10 11 13 14 15 16 | 16.2
Fighting       | 3 4 5 6 7 8 11 12 14 16 17 18 | 18.3
Stealth        | 6 7 9 10 12 13 14 16 17 18 20 | 20.8
Shields        | 1 4 5 6 8 9 |  9.2
Long Blades    | 3 4 |  4.0
Throwing       | |  2.1

Action                     |  1- 3 |  4- 6 |  7- 9 | 10-12 | 13-15 | 16-18 || total
---------------------------+-------+-------+-------+-------+-------+-------++-------
  Melee: Dagger            |    62 |   122 |   359 |   793 |  1561 |   502 ||  3399
         Punch             |       |     1 |     5 |     9 |       |       ||    15
 Invoke: Ancestor Life: He |       |       |       |     1 |       |       ||     1
         Recall Ancestor   |       |       |       |     1 |       |     2 ||     3
         Transference      |       |       |       |       |     1 |       ||     1
  Evoke: Wand              |       |       |       |       |     2 |       ||     2
    Use: Scroll            |       |    10 |       |    14 |     8 |    12 ||    44
         Potion            |       |       |       |     2 |     2 |     4 ||     8
   Stab: Sleeping          |    10 |    21 |    28 |    31 |    43 |    18 ||   151
         Distracted        |       |     2 |     1 |    10 |    41 |    14 ||    68
         Confused          |       |       |       |     8 |    44 |    14 ||    66
         Paralysed         |       |       |       |       |    15 |    22 ||    37
 Armour: Robe              |     5 |    22 |    52 |    63 |   135 |       ||   277
         Troll leather arm |       |       |       |       |    34 |    65 ||    99
  Dodge: Dodged            |    39 |    62 |   244 |   500 |  1026 |   459 ||  2330
  Block: Buckler           |       |       |       |    30 |   404 |       ||   434
         Kite shield       |       |       |       |       |    68 |   412 ||   480

Table legend: (Time is in decaauts)
 A = Elapsed time spent in this place.
 B = Non-inter-level travel time spent in this place.
 C = Inter-level travel time spent in this place.
 D = Time resting spent in this place.
 E = Time spent auto-exploring this place.
 F = Levels seen in this place.
 G = Mean time per level.
                   A        B        C        D        E       F      G
               +--------+--------+--------+--------+--------+-----+--------+
         Total |  32952 |  31555 |   1397 |   5730 |  20097 |  30 | 1098.4 |
       Dungeon |  16641 |  15704 |    937 |   1982 |  11525 |  15 | 1109.4 |
        Temple |    608 |    586 |     22 |    297 |    255 |   1 |  608.0 |
          Lair |   8798 |   8452 |    346 |   1123 |   5653 |   5 | 1759.6 |
   Spider Nest |   1390 |   1384 |      6 |    361 |    552 |   3 |  463.3 |
  Orcish Mines |   2064 |   1980 |     84 |    164 |   1302 |   2 | 1032.0 |
       Ossuary |    448 |    448 |      0 |      0 |    252 |   1 |  448.0 |
        Bailey |    752 |    752 |      0 |    206 |    322 |   1 |  752.0 |
      Ice Cave |   1958 |   1958 |      0 |   1597 |     22 |   1 | 1958.0 |
       Volcano |    290 |    290 |      0 |      0 |    214 |   1 |  290.0 |
               +--------+--------+--------+--------+--------+-----+--------+

Top non-repeatable levels by time:
  Lair:3: 2149 daAuts
   IceCv: 1958 daAuts
  Lair:5: 1900 daAuts
    D:10: 1841 daAuts
  Lair:4: 1818 daAuts
     D:8: 1792 daAuts
     D:5: 1757 daAuts
    D:12: 1535 daAuts
  Lair:2: 1500 daAuts
  Lair:1: 1429 daAuts
    D:11: 1192 daAuts
     D:7: 1172 daAuts
   Orc:2: 1168 daAuts
    D:13: 1103 daAuts
     D:1: 1087 daAuts
